 Dungeon Sprint DCSS version 0.26-a0-1002-g7355149c4d (webtiles) character file.

Game seed: 9297708947579655398

375 mhtbhm the Martial Artist (level 6, -12/39 HPs)
             Began as an Octopode Transmuter on Dec 7, 2020.
             Was a Follower of Makhleb.
             Killed by the air
             ... invoked by a wind drake (shapeshifter)
              (15 damage)
             ... in the Dungeon (Sprint IX: "|||||||||||||||||||||||||||||").
             The game lasted 00:01:41 (466 turns).

mhtbhm the Martial Artist (Octopode Transmuter)      Turns: 466, Time: 00:01:42

Health: -12/39     AC:  1    Str: 14    XL:     6   Next: 72%
Magic:  10/14      EV: 17    Int: 15    God:    Makhleb [*.....]
Gold:   0          SH:  0    Dex: 16    Spells: 1/16 levels left

rFire    . . .     SeeInvis .     - Unarmed
rCold    . . .     Faith    .   (shield currently unavailable)
rNeg     . . .     Spirit   .   (helmet restricted)
rPois    .         Reflect  .   (no amulet)
rElec    .         Harm     .   j - +3 ring of strength
rCorr    .         Rampage  .   k - +3 ring of dexterity
Will     .....     NoTele   +   (no ring)
Stlth    +++.......             (no ring)
HPRegen  0.13/turn              (no ring)
MPRegen  0.14/turn              (no ring)
                                (no ring)
                                (no ring)

@: blade tentacles
A: almost no armour, stealthy swim, amphibious, 8 rings, constrict 8, camouflage
1, gelatinous body 1
a: End Transformation, Renounce Religion


You were in the Dungeon.
You worshipped Makhleb.
Makhleb was aware of your devotion.
You had blades for tentacles.
You visited 1 branch

Inventory:

Jewellery
 j - a +3 ring of strength (left scythe-like blade)
 k - a +3 ring of dexterity (right scythe-like blade)
Wands
 i - a wand of iceblast (8)
Scrolls
 f - 3 scrolls of remove curse
 g - 2 scrolls of blinking
 h - 2 scrolls of amnesia
Potions
 b - 4 potions of curing
 c - a potion of heal wounds
 d - a potion of haste
 e - 4 potions of magic


   Skills:
 + Level 2.0 Fighting
 + Level 5.6 Dodging
 + Level 2.1 Stealth
 + Level 10.3 Unarmed Combat
 + Level 5.6 Spellcasting
 + Level 5.4 Transmutations


You had one spell level left.
You knew the following spells:

 Your Spells              Type           Power        Failure   Level
a - Beastly Appendage     Tmut           ###...       19%         1
b - Wereblood             Tmut           ###.....     24%         2
c - Spider Form           Tmut/Pois      ##........   56%         3
d - Ice Form              Ice/Tmut       ##......     85%         4
e - Blade Hands           Tmut           ###.......   83%         5

Your spell library contained the following spells:

 Spells                   Type           Power        Failure   Level


Dungeon Overview and Level Annotations

Branches:
Dungeon (1/1)

Altars:
Cheibriados
Dithmenos
Elyvilon
Fedhas
Gozag
Hepliaklqana
Kikubaaqudgha
Makhleb
Nemelex Xobeh
Okawaru
Qazlal
Ru
Sif Muna
Trog
Uskayaw
Vehumet
Wu Jian
Xom
Yredelemnul
Zin
The Shining One
Beogh
Jiyva
Lugonu


Innate Abilities, Weirdness & Mutations

You cannot wear most types of armour.
You are very stealthy in the water. (Stealth+)
You are amphibious.
You can wear up to eight rings at the same time.
You can use your tentacles to constrict eight enemies at once.
Your skin changes colour to match your surroundings (Stealth+).
Your rubbery body absorbs attacks. (AC +1, EV +1)


Message History

The mass of ice explodes!
The iceblast engulfs the wind drake!
The wind drake is almost dead.
The iceblast engulfs the orc warrior.
The orc warrior is lightly wounded.
The wind drake flaps its wings at you. The air twists around and strikes you!!
* * * LOW HITPOINT WARNING * * *
Unknown command.
Unknown command.
Evoke which item? (* to show all) (? for menu, Esc to quit)
Aiming: Iceblast
Press: ? - help, Shift-Dir - straight line, f/p - wind drake
Aim: a wind drake (almost dead, repelling missiles, catching its breath)
The mass of ice explodes!
The iceblast engulfs the wind drake!
The wind drake is almost dead.
The iceblast engulfs the orc warrior!
The orc warrior is severely wounded.
The wind drake flaps its wings at you. The air twists around and strikes you!
You die...

▓[▓
▓[▓
▓[▓
▓.▓
▓.▓
▓(▓
▓(▓
▓(▓
▓@▓
▓.▓
▓.▓
▓.▓
▓'▓
▓k▓
▓o▓
▓T▓
▓o▓


You could see a wind drake (repels missiles, catching breath), a troll and an
orc warrior.

Vanquished Creatures
  2 centaurs (D)
  A big kobold (D)
  A quasit (D)
  A hound (D)
  A leopard gecko (D)
  2 goblins (D)
  A hobgoblin (D)
  A jackal (D)
  A quokka (D)
  A bat (D)
  A quokka zombie (D)
  A rat (D)
14 creatures vanquished.

Vanquished Creatures (others)
  A soldier ant (D)
  An orc warrior (D)
2 creatures vanquished.

Grand Total: 16 creatures vanquished

Notes
Turn   | Place    | Note
-------+----------+-------------------------------------------
     0 | D        | mhtbhm the Octopode Transmuter began the quest for the Orb.
     0 | D        | Reached XP level 1. HP: 13/13 MP: 3/3
   124 | D        | Noticed a centaur
   124 | D        | Noticed a hound
   129 | D        | Killed a centaur
   130 | D        | Reached skill level 6 in Unarmed Combat
   130 | D        | Reached XP level 2. HP: 18/18 MP: 2/6
   130 | D        | Reached XP level 3. HP: 23/23 MP: 2/8
   130 | D        | Reached XP level 4. HP: 28/28 MP: 2/9
   135 | D        | Reached skill level 7 in Unarmed Combat
   139 | D        | Reached XP level 5. HP: 33/33 MP: 3/11
   209 | D        | Found a roughly hewn altar of Beogh.
   209 | D        | Found a snail-covered altar of Cheibriados.
   209 | D        | Found a shadowy altar of Dithmenos.
   209 | D        | Found a white marble altar of Elyvilon.
   209 | D        | Found a blossoming altar of Fedhas.
   209 | D        | Found an opulent altar of Gozag.
   210 | D        | Found a hazy altar of Hepliaklqana.
   211 | D        | Found a viscous altar of Jiyva.
   212 | D        | Found an ancient bone altar of Kikubaaqudgha.
   213 | D        | Found a corrupted altar of Lugonu.
   214 | D        | Found a burning altar of Makhleb.
   215 | D        | Found a sparkling altar of Nemelex Xobeh.
   216 | D        | Found an iron altar of Okawaru.
   217 | D        | Found a stormy altar of Qazlal.
   218 | D        | Found a sacrificial altar of Ru.
   219 | D        | Found a shimmering blue altar of Sif Muna.
   220 | D        | Found a bloodstained altar of Trog.
   221 | D        | Found a hide-covered altar of Uskayaw.
   222 | D        | Found a radiant altar of Vehumet.
   225 | D        | Found an ornate altar of the Wu Jian Council.
   232 | D        | Became a worshipper of Makhleb the Destroyer
   235 | D        | Found a shimmering altar of Xom.
   236 | D        | Found a basalt altar of Yredelemnul.
   237 | D        | Found a glowing silver altar of Zin.
   238 | D        | Found a glowing golden altar of the Shining One.
   271 | D        | Learned a level 2 spell: Wereblood
   275 | D        | Learned a level 3 spell: Spider Form
   280 | D        | Learned a level 4 spell: Ice Form
   282 | D        | Noticed a big kobold
   282 | D        | Noticed an orc warrior
   282 | D        | Noticed a soldier ant
   282 | D        | Noticed a centaur
   287 | D        | Killed a big kobold
   288 | D        | Reached skill level 8 in Unarmed Combat
   292 | D        | Reached skill level 9 in Unarmed Combat
   298 | D        | Killed a soldier ant
   299 | D        | Killed an orc warrior
   300 | D        | Reached skill level 5 in Dodging
   300 | D        | Reached skill level 1 in Stealth
   300 | D        | Reached skill level 5 in Spellcasting
   300 | D        | Reached skill level 5 in Transmutations
   300 | D        | Reached XP level 6. HP: 39/39 MP: 10/13
   303 | D        | Reached * piety under Makhleb
   304 | D        | Reached skill level 10 in Unarmed Combat
   422 | D        | Learned a level 5 spell: Blade Hands
   461 | D        | Noticed a wind drake
   461 | D        | Noticed an orc warrior
   461 | D        | Noticed a troll
   461 | D        | Noticed a vampire
   466 | D        | Killed from afar by a wind drake (shapeshifter)

Illustrated notes

Levels and vault maps discovered:
D:        linesprint [early_d, line_temple, items_1, d_10, items_2, lair_1,
          lair_end, items_3, orc_1, orc_end, items_4, d_15, swamp_1, shoals_1,
          snake_1, spider_1, d_20, vaults_1, items_5, swamp_end, shoals_end,
          snake_end, spider_end, vaults_end, d_27, items_6, zot_1, zot_end,
          crypt_end, forest_end, elf_end, slime_end, tomb_end, abyss_end,
          pan_hell_end]

Skill      XL: |  1  2  3  4  5  6 |
---------------+-------------------+-----
Dodging        | 3 4 5 |  5.6
Unarmed Combat | 6 7 9 10 | 10.3
Spellcasting   | 3 4 5 |  5.6
Transmutations | 3 5 |  5.4
Stealth        | 1 2 |  2.1
Fighting       | 2 |  2.0

Action                   |  1- 3 |  4- 6 || total
-------------------------+-------+-------++-------
Melee: Unarmed           |    12 |    27 ||    39
       Tentacles         |     4 |     4 ||     8
       Constrict         |     2 |     6 ||     8
       Kick              |     2 |     8 ||    10
       Punch             |       |     2 ||     2
 Cast: Beastly Appendage |     2 |     1 ||     3
       Wereblood         |       |     1 ||     1
       Blade Hands       |       |     1 ||     1
Evoke: Wand              |       |     2 ||     2
  Use: Potion            |     2 |     3 ||     5
 Stab: Invisible         |       |     3 ||     3
Armor: Skin              |     1 |       ||     1
Dodge: Dodged            |     9 |    18 ||    27

Table legend: (Time is in decaauts)
 A = Elapsed time spent in this place.
 B = Non-inter-level travel time spent in this place.
 C = Inter-level travel time spent in this place.
 D = Time resting spent in this place.
 E = Time spent auto-exploring this place.
 F = Levels seen in this place.
 G = Mean time per level.
                   A        B        C        D        E       F      G
               +--------+--------+--------+--------+--------+-----+--------+
         Total |    467 |    467 |      0 |    313 |      3 |   1 |  467.0 |
       Dungeon |    467 |    467 |      0 |    313 |      3 |   1 |  467.0 |
               +--------+--------+--------+--------+--------+-----+--------+

Top non-repeatable levels by time:
       D: 467 daAuts
